 Dungeon Crawl Stone Soup version 0.27-a0-899-ge2d0b17c59 (webtiles) character file.

Game seed: 6016473315350588410

171 jestyr24 the Conjurer (level 5, 0/38 HPs)
             Began as a Demonspawn Conjurer on Apr 6, 2021.
             Was a Follower of Makhleb.
             Slain by a ball python (1 damage)
             ... on level 2 of the Dungeon.
             The game lasted 00:08:23 (2900 turns).

jestyr24 the Conjurer (Demonspawn Conjurer)         Turns: 2900, Time: 00:08:23

Health: 0/38       AC:  2    Str:  8    XL:     5   Next: 26%
Magic:  1/9        EV:  9    Int: 20    God:    Makhleb [*.....]
Gold:   76         SH:  0    Dex: 11    Spells: 7/10 levels left

rFire    . . .     SeeInvis .   b - +0 whip
rCold    . . .     Faith    .   (no shield)
rNeg     . . .     Spirit   .   a - +0 robe
rPois    .         Reflect  .   (no helmet)
rElec    .         Harm     .   (no cloak)
rCorr    .         Rampage  .   (no gloves)
Will     .....                  (no boots)
Stlth    ++........             (no amulet)
HPRegen  0.12/turn              (no ring)
MPRegen  0.22/turn              (no ring)

@: constricted
A: hooves 1, magic regeneration
a: Renounce Religion


You were on level 2 of the Dungeon.
You worshipped Makhleb.
Makhleb was aware of your devotion.
You visited 1 branch of the dungeon, and saw 3 of its levels.

You collected 76 gold pieces.

Inventory:

Hand Weapons
 b - a +0 whip (weapon)
Missiles
 j - 14 poisoned darts
Armour
 a - a +0 robe (worn)
Scrolls
 c - 2 scrolls of fear {unknown}
 g - a scroll of vulnerability {unknown}
 k - 2 scrolls of identify {unknown}
Potions
 d - a potion of might {unknown}
 e - a potion of flight {unknown}
 f - 2 potions of heal wounds {unknown}
 h - a potion of curing {unknown}
 i - a potion of invisibility {unknown}


   Skills:
 * Level 2.1 Fighting
 + Level 2.0 Dodging
 + Level 2.2 Stealth
 + Level 3.0 Spellcasting
 + Level 5.3 Conjurations


You had 7 spell levels left.
You knew the following spells:

 Your Spells              Type           Power      Damage    Failure   Level
a - Magic Dart            Conj           96%        1d7       1%          1
b - Searing Ray           Conj           48%        3d5       2%          2

Your spell library contained the following spells:

 Spells                   Type           Power      Damage    Failure   Level
 Dazzling Flash           Conj/Hex       26%        N/A       14%         3
 Fulminant Prism          Conj/Hex       6%         3d7       43%         4
 Iskenderun's Mystic Bla  Conj/Tloc      13%        2d5       43%         4


Dungeon Overview and Level Annotations

Branches:
Dungeon (3/15)

Altars:
Makhleb


Innate Abilities, Weirdness & Mutations

You have large cloven feet.
You regenerate magic rapidly.


Message History

The ball python bites you but does no damage.
The ball python constricts you. The orc misses you.
You closely miss the ball python. Your kick misses the ball python.
The ball python bites you. The ball python constricts you.
The orc hits you with a +0 mace. The ball python bites you.
* * * LOW HITPOINT WARNING * * *
The ball python constricts you. The orc completely misses you.
Casting: Magic Dart (safe; 1% risk of failure)
Confirm with . or Enter, or press ? or * to list all spells.
Aiming: Searing Ray (safe; 2% risk of failure)
Press: ? - help, Shift-Dir - straight line, f/p - orc
Aim: an orc, wielding a +0 mace and wearing a +0 leather armour (21% to evade)
The searing ray hits the orc.
The orc is lightly wounded. (Press . to maintain the ray.)
The ball python completely misses you.
* * * LOW HITPOINT WARNING * * *
The ball python constricts you. The orc hits you with a +0 mace.
* * * LOW HITPOINT WARNING * * *
You closely miss the ball python. The ball python barely misses you.
The ball python constricts you. The orc hits you with a +0 mace.
* * * LOW HITPOINT WARNING * * *
You closely miss the ball python. The ball python closely misses you.
The ball python constricts you. The orc hits you with a +0 mace.
* * * LOW HITPOINT WARNING * * *
The ball python barely misses you. The ball python constricts you.
You hit the ball python.
The ball python is moderately wounded.
The ball python barely misses you.
* * * LOW HITPOINT WARNING * * *
The ball python constricts you. The orc barely misses you.
You barely miss the ball python. Your kick misses the ball python.
The ball python is moderately wounded.
The ball python closely misses you. The ball python constricts you.
The orc hits you with a +0 mace.
* * * LOW HITPOINT WARNING * * *
You barely miss the ball python. Your kick misses the ball python.
The ball python is moderately wounded.
The ball python barely misses you.
You die...

###......##.#.###
#########
#........<#.#
........#
#...........#
.######.#######
##.....###### ###
#.......##########.#
..# ######.......# #.#
#.# ######..####.#
##.## ### #.#
#..........#.# #...#
#.. #.# #.####...o@#.#
#...#####.# #.#####.#
#.##.S#.# #...##.....
#.......#
#.##..#.####...##.##..
........#
#..................#..
##......#
####.................#
#.....##
##.###...........#.#
#.....# #..#
#####...##.....
####### #.##
#...#####.. ########
#.# #...# ###


You could see an orc and a ball python.

Vanquished Creatures
  Jessica (D:2)
  An orc wizard (D:3)
  3 adders (D:2)
  4 gnolls (D:2)
  3 dart slugs (D:1)
  2 orcs (D:3)
  5 ball pythons
  7 endoplasms
  2 giant cockroaches (D:2)
  2 goblins (D:1)
  4 hobgoblins
  2 quokkas (D:1)
  4 bats (D:1)
  2 frilled lizards
  5 kobolds
  4 rats
51 creatures vanquished.

Notes
Turn   | Place    | Note
-------+----------+-------------------------------------------
     0 | D:1      | jestyr24 the Demonspawn Conjurer began the quest for the
                  | Orb.
     0 | D:1      | Reached XP level 1. HP: 13/13 MP: 3/3
   235 | D:1      | Gained mutation: You have large cloven feet. [demonic
                  | ancestry]
   235 | D:1      | Reached XP level 2. HP: 10/19 MP: 1/5
   952 | D:1      | Reached skill level 1 in Fighting
   955 | D:1      | Gained mutation: You regenerate magic rapidly. [demonic
                  | ancestry]
   955 | D:1      | Reached XP level 3. HP: 26/26 MP: 0/6
  1678 | D:2      | Learned a level 2 spell: Searing Ray
  1922 | D:2      | Reached XP level 4. HP: 32/32 MP: 3/7
  1924 | D:2      | Reached skill level 5 in Conjurations
  2076 | D:2      | Noticed Jessica
  2079 | D:2      | Killed Jessica
  2432 | D:2      | Reached XP level 5. HP: 26/38 MP: 0/9
  2669 | D:2      | Found a faded altar of an unknown god.
  2688 | D:2      | Became a worshipper of Makhleb the Destroyer
  2688 | D:2      | Reached * piety under Makhleb
  2899 | D:2      | HP: 1/38 [orc/+0 mace (2)]
  2900 | D:2      | Slain by a ball python

Illustrated notes

Levels and vault maps discovered:
D:1:      tarquinn_simple_flora_water_b, layout_loops_ring, serial_forest,
          infiniplex_forest_lined_ring, infiniplex_forest_clump_small,
          infiniplex_forest_lined_ring, infiniplex_forest_end_2,
          infiniplex_forest_clump_small, infiniplex_forest_end_2,
          infiniplex_forest_diagonal, minmay_misc_feat_encased
D:2:      layout_loops_cross, basic_ecumenical_altar, grunt_ministairs_12,
          uniq_jessica
D:3:      layout_basic, fedhas_altar_3

Skill      XL: |  1  2  3  4  5 |
---------------+----------------+-----
Fighting       | 1 2 |  2.1
Stealth        | 2 |  2.2
Conjurations   | 5 |  5.3
Dodging        | 2 |  2.0
Spellcasting   | 3 |  3.0

Action                   |  1- 3 |  4- 6 || total
-------------------------+-------+-------++-------
Melee: Whip              |     7 |     9 ||    16
 Cast: Magic Dart        |    61 |    37 ||    98
       Searing Ray       |     4 |     7 ||    11
Armor: Robe              |     2 |     1 ||     3
Dodge: Dodged            |    11 |    18 ||    29

Table legend: (Time is in decaauts)
 A = Elapsed time spent in this place.
 B = Non-inter-level travel time spent in this place.
 C = Inter-level travel time spent in this place.
 D = Time resting spent in this place.
 E = Time spent auto-exploring this place.
 F = Levels seen in this place.
 G = Mean time per level.
                   A        B        C        D        E       F      G
               +--------+--------+--------+--------+--------+-----+--------+
         Total |   2902 |   2740 |    162 |    690 |   1749 |   3 |  967.3 |
       Dungeon |   2902 |   2740 |    162 |    690 |   1749 |   3 |  967.3 |
               +--------+--------+--------+--------+--------+-----+--------+

Top non-repeatable levels by time:
     D:1: 1762 daAuts
     D:2: 1131 daAuts
     D:3: 8 daAuts
